TOP OF THE 1ST |
Bowling Green Hot Rods batting - Pitching for Lexington Legends : LHP Orlando Cornejo
|
Pitching: LHP Orlando Cornejo
|
|
Batting: RHB Jonathan Fraire
|
0-0: Called Strike 0-1: Ball 1-1: Ball 2-1: DOUBLE (Line Drive, 78M, EV 92.5 MPH)
|
Batting: RHB Adam Kaeser
|
0-0: Ball 1-0: Foul Ball, location: 2F 1-1: Ball 2-1: Fly out, F8 (Flyball, 8LS, EV 93.1 MPH)
|
Batting: RHB David Ward
|
0-0: Ball 1-0: Ball 2-0: Foul Ball, location: 2F 2-1: Fly out, F7 (Flyball, 7LM, EV 88.1 MPH)
|
Batting: RHB Paul Landes
|
0-0: Foul Ball, location: 2F 0-1: Fly out, F8 (Flyball, 8RXD, EV 96.2 MPH)
|
Top of the 1st over - 0 runs, 1 hit, 0 errors, 1 left on base; Bowling Green 0 - Lexington 0 |
BOTTOM OF THE 1ST |
Lexington Legends batting - Pitching for Bowling Green Hot Rods : RHP Greg Spaulding
|
Pitching: RHP Greg Spaulding
|
|
Batting: RHB Danny Weisse
|
0-0: Ground out 6-3 (Groundball, 6, EV 103.8 MPH)
|
Batting: RHB Taisei Fujii
|
0-0: Foul Ball, location: 2F 0-1: Fly out, F8 (Flyball, 89M, EV 91.2 MPH)
|
Batting: LHB Danny Bailey
|
0-0: Swinging Strike 0-1: Fly out, F7 (Flyball, 7D, EV 101.9 MPH)
|
Bottom of the 1st over - 0 runs, 0 hits, 0 errors, 0 left on base; Bowling Green 0 - Lexington 0 |
TOP OF THE 2ND |
Bowling Green Hot Rods batting - Pitching for Lexington Legends : LHP Orlando Cornejo
|
Batting: RHB Steve Byerly
|
0-0: Ground out 4-3 (Groundball, 4, EV 110.6 MPH)
|
Batting: LHB Jake Rheaume
|
0-0: Ball 1-0: Ball 2-0: Called Strike 2-1: Called Strike 2-2: Strikes out swinging
|
Batting: RHB Kevin Benfield
|
0-0: Ball 1-0: Called Strike 1-1: Ball 2-1: SINGLE (Flyball, 3D, EV 88.1 MPH)
|
Batting: LHB Mario Ocana
|
0-0: Foul Ball, location: 2F 0-1: Ball 1-1: Ball 2-1: Called Strike 2-2: Strikes out looking
|
Top of the 2nd over - 0 runs, 1 hit, 0 errors, 1 left on base; Bowling Green 0 - Lexington 0 |
BOTTOM OF THE 2ND |
Lexington Legends batting - Pitching for Bowling Green Hot Rods : RHP Greg Spaulding
|
Batting: LHB Ho-win Zhou
|
0-0: Ball 1-0: Ball 2-0: Ball 3-0: Called Strike 3-1: Base on Balls
|
Batting: RHB Yi-lin Niu
|
0-0: Ball 1-0: Foul Ball, location: 2F 1-1: Ball 2-1: SINGLE (Groundball, 56D, EV 103.8 MPH) Ho-win Zhou to second
|
Batting: LHB Robby Diaz
|
0-0: Ball 1-0: Swinging Strike 1-1: Foul Ball, location: 2F 1-2: Foul Ball, location: 2F 1-2: Ball 2-2: Strikes out swinging
|
Batting: RHB Andy Urquhart
|
0-0: Called Strike 0-1: Ball 1-1: Ball 2-1: Foul Ball, location: 2F 2-2: Ball 3-2: Foul Ball, location: 2F 3-2: Strikes out swinging
|
Batting: RHB Justin Bonner
|
0-0: Called Strike 0-1: Swinging Strike 0-2: Ball 1-2: Foul Ball, location: 2F 1-2: Strikes out swinging
|
Bottom of the 2nd over - 0 runs, 1 hit, 0 errors, 2 left on base; Bowling Green 0 - Lexington 0 |
TOP OF THE 3RD |
Bowling Green Hot Rods batting - Pitching for Lexington Legends : LHP Orlando Cornejo
|
Batting: SHB Julio Hernandez
|
0-0: Ball 1-0: Called Strike 1-1: Ball 2-1: Foul Ball, location: 2F 2-2: Strikes out looking
|
Batting: RHB Jonathan Fraire
|
0-0: Foul Ball, location: 2F 0-1: Fly out, F8 (Flyball, 8LM, EV 90.6 MPH)
|
Batting: RHB Adam Kaeser
|
0-0: SOLO HOME RUN (Flyball, 7D, EV 99.4 MPH), Distance : 384 ft
|
Batting: RHB David Ward
|
0-0: Ball 1-0: Ball 2-0: Called Strike 2-1: Ball 3-1: Base on Balls
|
Pitching: RHP John Stein
|
|
Batting: RHB Paul Landes
|
0-0: Fielders Choice at 2nd, 5-4 (Groundball, 56, EV 78.8 MPH)
|
Top of the 3rd over - 1 run, 1 hit, 0 errors, 1 left on base; Bowling Green 1 - Lexington 0 |
BOTTOM OF THE 3RD |
Lexington Legends batting - Pitching for Bowling Green Hot Rods : RHP Greg Spaulding
|
Batting: RHB Allen Crenshaw
|
0-0: Foul Ball, location: 2F 0-1: Foul Ball, location: 2F 0-2: Ball 1-2: SINGLE (Groundball, 6MD, EV 105.6 MPH)
|
Batting: RHB Danny Weisse
|
0-0: Called Strike 0-1: Swinging Strike 0-2: Ball 1-2: Ball 2-2: Strikes out swinging
|
Batting: RHB Taisei Fujii
|
0-0: Ball 1-0: Ball Wild Pitch! Allen Crenshaw to second 2-0: Ball 3-0: Called Strike 3-1: Base on Balls
|
Batting: LHB Danny Bailey
|
0-0: Called Strike 0-1: Ball 1-1: Swinging Strike 1-2: Foul Ball, location: 2F 1-2: Foul Ball, location: 2F 1-2: Reached on error, E6 (Groundball, 6, EV 88.8 MPH) Allen Crenshaw to third Taisei Fujii to second
|
Batting: LHB Ho-win Zhou
|
0-0: Called Strike 0-1: Fly out, F4 (Popup, 34S, EV 86.2 MPH)
|
Batting: RHB Yi-lin Niu
|
0-0: Called Strike 0-1: Swinging Strike 0-2: Ground out 4-3 (Groundball, 4, EV 87.5 MPH)
|
Bottom of the 3rd over - 0 runs, 1 hit, 1 error, 3 left on base; Bowling Green 1 - Lexington 0 |
TOP OF THE 4TH |
Bowling Green Hot Rods batting - Pitching for Lexington Legends : RHP John Stein
|
Batting: RHB Steve Byerly
|
0-0: Ball 1-0: Foul Ball, location: 2F 1-1: Ground out 4-3 (Groundball, 34, EV 80.0 MPH)
|
Batting: LHB Jake Rheaume
|
0-0: Ball 1-0: Foul Ball, location: 2F 1-1: Foul Ball, location: 2F 1-2: Ball 2-2: SINGLE (Groundball, 6S, EV 66.2 MPH) (infield hit)
|
Batting: RHB Kevin Benfield
|
0-0: Grounds into double play, 4-6-3 (Groundball, 4, EV 95.6 MPH)
|
Top of the 4th over - 0 runs, 1 hit, 0 errors, 0 left on base; Bowling Green 1 - Lexington 0 |
BOTTOM OF THE 4TH |
Lexington Legends batting - Pitching for Bowling Green Hot Rods : RHP Greg Spaulding
|
Batting: LHB Robby Diaz
|
0-0: Foul Ball, location: 2F 0-1: Foul Ball, location: 2F 0-2: Foul Ball, location: 2F 0-2: Ball 1-2: Ball 2-2: Foul Ball, location: 2F 2-2: Foul Ball, location: 2F 2-2: Ball 3-2: Foul Ball, location: 2F 3-2: Base on Balls
|
Batting: RHB Andy Urquhart
|
0-0: Called Strike 0-1: DOUBLE (Line Drive, 78XD, EV 98.8 MPH) Robby Diaz to third
|
Batting: RHB Justin Bonner
|
0-0: Ball 1-0: Ball 2-0: Ball 3-0: Base on Balls
|
Batting: RHB Allen Crenshaw
|
0-0: Called Strike 0-1: Ball 1-1: Called Strike 1-2: Strikes out swinging
|
Batting: RHB Danny Weisse
|
0-0: Swinging Strike 0-1: Ball 1-1: Ball 2-1: Foul Ball, location: 2F 2-2: Ball 3-2: Base on Balls Robby Diaz scores Andy Urquhart to third Justin Bonner to second
|
Batting: RHB Taisei Fujii
|
0-0: Called Strike 0-1: Swinging Strike 0-2: Ball 1-2: SINGLE (Groundball, 4M, EV 98.1 MPH) (infield hit) Andy Urquhart scores Justin Bonner to third Danny Weisse to second
|
Batting: LHB Danny Bailey
|
0-0: Called Strike 0-1: Foul Ball, location: 2F 0-2: Foul Ball, location: 2F 0-2: Fly out, F6 (Flyball, 5D, EV 71.9 MPH)
|
Batting: LHB Ho-win Zhou
|
0-0: Ball 1-0: Called Strike 1-1: Ball 2-1: Called Strike 2-2: Ball 3-2: Base on Balls Justin Bonner scores Danny Weisse to third Taisei Fujii to second
|
Batting: RHB Yi-lin Niu
|
0-0: DOUBLE (Flyball, 78D, EV 99.4 MPH) Danny Weisse scores Taisei Fujii scores Ho-win Zhou to third Runner from 3rd tries for Home, SAFE, no throw by CF
|
Pitching: RHP Nate Russano
|
|
Batting: LHB Robby Diaz
|
0-0: SINGLE (Groundball, 4D, EV 101.2 MPH) Yi-lin Niu to third Runner from 3rd tries for Home, SAFE, throw by RF to home Robby Diaz to second
|
Batting: RHB Andy Urquhart
|
0-0: Ball 1-0: Foul Ball, location: 2F 1-1: Called Strike 1-2: TRIPLE (Flyball, 9LD, EV 106.2 MPH) Robby Diaz scores
|
Batting: RHB Justin Bonner
|
0-0: Called Strike 0-1: Ball 1-1: SINGLE (Groundball, 6MD, EV 94.4 MPH) Andy Urquhart scores
|
Batting: RHB Allen Crenshaw
|
0-0: Fielders Choice at 2nd, 6-4 (Groundball, 6, EV 90.0 MPH)
|
Bottom of the 4th over - 9 runs, 6 hits, 0 errors, 1 left on base; Bowling Green 1 - Lexington 9 |
TOP OF THE 5TH |
Bowling Green Hot Rods batting - Pitching for Lexington Legends : RHP John Stein
|
Batting: LHB Mario Ocana
|
0-0: Called Strike 0-1: Ball 1-1: Called Strike 1-2: SOLO HOME RUN (Flyball, 9D, EV 97.5 MPH), Distance : 359 ft
|
Batting: SHB Julio Hernandez
|
0-0: Ball 1-0: SINGLE (Line Drive, 34, EV 97.5 MPH)
|
Batting: RHB Jonathan Fraire
|
0-0: Ball 1-0: Ball 2-0: Ball 3-0: Called Strike 3-1: Base on Balls Julio Hernandez to second
|
Batting: RHB Adam Kaeser
|
0-0: Ball Julio Hernandez is caught stealing 3rd base 2-5 1-0: Called Strike 1-1: Fly out, F9 (Flyball, 89S, EV 75.0 MPH)
|
Batting: RHB David Ward
|
0-0: Ball 1-0: Called Strike 1-1: SINGLE (Groundball, 6MD, EV 94.4 MPH) Jonathan Fraire to second
|
Batting: RHB Paul Landes
|
0-0: Swinging Strike 0-1: Fly out, F4 (Flyball, 4D, EV 89.4 MPH)
|
Top of the 5th over - 1 run, 3 hits, 0 errors, 2 left on base; Bowling Green 2 - Lexington 9 |
BOTTOM OF THE 5TH |
Lexington Legends batting - Pitching for Bowling Green Hot Rods : RHP Nate Russano
|
Batting: RHB Danny Weisse
|
0-0: Called Strike 0-1: Ball 1-1: Called Strike 1-2: Fly out, F9 (Flyball, 9D, EV 96.9 MPH)
|
Batting: RHB Taisei Fujii
|
0-0: Called Strike 0-1: Called Strike 0-2: Foul Ball, location: 2F 0-2: Foul Ball, location: 2F 0-2: Ball 1-2: Ball 2-2: SINGLE (Groundball, 56D, EV 107.5 MPH)
|
Batting: LHB Danny Bailey
|
0-0: Ball 1-0: Foul Ball, location: 2F 1-1: Ball 2-1: Ball 3-1: Base on Balls Taisei Fujii to second
|
Batting: LHB Ho-win Zhou
|
0-0: Reached on error, E6 (Groundball, 4, EV 110.6 MPH) Taisei Fujii to third Danny Bailey to second
|
Batting: RHB Yi-lin Niu
|
0-0: Foul Ball, location: 2F 0-1: Ball 1-1: Called Strike 1-2: Ball 2-2: Ground out 6-3 (Groundball, 6S, EV 72.5 MPH) Taisei Fujii scores Danny Bailey to third Ho-win Zhou to second
|
Batting: LHB Robby Diaz
|
0-0: Foul Ball, location: 2F 0-1: Called Strike 0-2: Ball 1-2: Ball 2-2: Ball 3-2: SINGLE (Line Drive, 4D, EV 95.0 MPH) Danny Bailey scores Ho-win Zhou to third
|
Batting: RHB Andy Urquhart
|
0-0: Foul Ball, location: 2F 0-1: Ball 1-1: Foul Ball, location: 2F 1-2: Strikes out looking
|
Bottom of the 5th over - 2 runs, 2 hits, 1 error, 2 left on base; Bowling Green 2 - Lexington 11 |
TOP OF THE 6TH |
Bowling Green Hot Rods batting - Pitching for Lexington Legends : RHP John Stein
|
Batting: RHB Steve Byerly
|
0-0: Called Strike 0-1: Called Strike 0-2: Foul Ball, location: 2F 0-2: Ball 1-2: Ball 2-2: Strikes out swinging
|
Batting: LHB Jake Rheaume
|
0-0: Ball 1-0: Ball 2-0: Foul Ball, location: 2F 2-1: Foul Ball, location: 2F 2-2: Foul Ball, location: 2F 2-2: Foul Ball, location: 2F 2-2: Ground out U3 (Groundball, 3, EV 86.9 MPH)
|
Batting: RHB Kevin Benfield
|
0-0: Foul Ball, location: 2F 0-1: Ball 1-1: Ball 2-1: Swinging Strike 2-2: Ball 3-2: Base on Balls
|
Batting: LHB Mario Ocana
|
Pickoff Throw to First - Out! 1-3
|
Top of the 6th over - 0 runs, 0 hits, 0 errors, 0 left on base; Bowling Green 2 - Lexington 11 |
BOTTOM OF THE 6TH |
Lexington Legends batting - Pitching for Bowling Green Hot Rods : RHP Nate Russano
|
Batting: RHB Justin Bonner
|
0-0: Called Strike 0-1: Ground out 4-3 (Groundball, 4M, EV 106.2 MPH)
|
Batting: RHB Allen Crenshaw
|
0-0: Ball 1-0: Ball 2-0: Ball 3-0: Base on Balls
|
Pitching: RHP Virgil Laverick
|
|
Batting: RHB Danny Weisse
|
0-0: Fly out, F7 (Flyball, 8LM, EV 91.9 MPH)
|
Batting: RHB Taisei Fujii
|
0-0: Ball 1-0: Ball 2-0: Ball 3-0: Fielders Choice at 2nd, 6-4 (Groundball, 6, EV 81.2 MPH)
|
Bottom of the 6th over - 0 runs, 0 hits, 0 errors, 1 left on base; Bowling Green 2 - Lexington 11 |
TOP OF THE 7TH |
Bowling Green Hot Rods batting - Pitching for Lexington Legends : RHP John Stein
|
Pinch Hitting: RHB Dermott Kennelly
|
0-0: Called Strike 0-1: Ball 1-1: Swinging Strike 1-2: Ball 2-2: Fly out, F8 (Flyball, 8RM, EV 85.6 MPH)
|
Batting: SHB Julio Hernandez
|
0-0: Ball 1-0: Called Strike 1-1: Swinging Strike 1-2: Strikes out swinging
|
Pinch Hitting: LHB Jeremy Burton
|
0-0: Ball 1-0: Ground out 3-1 (Groundball, 34S, EV 75.0 MPH)
|
Top of the 7th over - 0 runs, 0 hits, 0 errors, 0 left on base; Bowling Green 2 - Lexington 11 |
BOTTOM OF THE 7TH |
Lexington Legends batting - Pitching for Bowling Green Hot Rods : RHP Virgil Laverick
|
Now at SS: Dermott Kennelly
|
|
Now in CF: Jeremy Burton
|
|
Pinch Hitting: SHB Jared O'Connor
|
0-0: Foul Ball, location: 2F 0-1: Ball 1-1: Ball 2-1: Foul Ball, location: 2F 2-2: Foul Ball, location: 2F 2-2: Foul Ball, location: 2F 2-2: SINGLE (Line Drive, 8RM, EV 108.1 MPH)
|
Pinch Hitting: RHB Dante McCauley
|
0-0: Grounds into double play, 4-6-3 (Groundball, 4, EV 104.4 MPH)
|
Batting: RHB Yi-lin Niu
|
0-0: Called Strike 0-1: DOUBLE (Groundball, 5L, EV 102.5 MPH)
|
Pinch Hitting: LHB Josh Moore
|
0-0: Ball 1-0: Ball 2-0: Ball 3-0: Swinging Strike 3-1: Base on Balls
|
Pinch Hitting: RHB Matt Tittle
|
0-0: Called Strike 0-1: Foul Ball, location: 2F 0-2: Ball 1-2: Fly out, F8 (Flyball, 89S, EV 85.6 MPH)
|
Bottom of the 7th over - 0 runs, 2 hits, 0 errors, 2 left on base; Bowling Green 2 - Lexington 11 |
TOP OF THE 8TH |
Bowling Green Hot Rods batting - Pitching for Lexington Legends : RHP John Stein
|
Pitching: RHP Gabe Torres
|
|
Now at 1B: Alex Cid
|
|
Now at 2B: Matt Tittle
|
|
Now at SS: Justin Bonner
|
|
Now in LF: Jason Anaya
|
|
Now in RF: Josh Moore
|
|
Batting: RHB Adam Kaeser
|
0-0: Ball 1-0: Foul Ball, location: 2F 1-1: Called Strike 1-2: Strikes out looking
|
Batting: RHB David Ward
|
0-0: Called Strike 0-1: Ball 1-1: Swinging Strike 1-2: Foul Ball, location: 2F 1-2: Strikes out swinging
|
Batting: RHB Paul Landes
|
0-0: Ball 1-0: Ball 2-0: Ball 3-0: Base on Balls
|
Batting: RHB Steve Byerly
|
0-0: Ground out 4-3 (Groundball, 4, EV 102.5 MPH)
|
Top of the 8th over - 0 runs, 0 hits, 0 errors, 1 left on base; Bowling Green 2 - Lexington 11 |
BOTTOM OF THE 8TH |
Lexington Legends batting - Pitching for Bowling Green Hot Rods : RHP Virgil Laverick
|
Batting: RHB Justin Bonner
|
0-0: Ball 1-0: Foul Ball, location: 2F 1-1: Foul Ball, location: 2F 1-2: Ball 2-2: Ball 3-2: Fly out, F9 (Flyball, 9D, EV 102.5 MPH)
|
Batting: RHB Allen Crenshaw
|
0-0: Ball 1-0: Ball 2-0: Called Strike 2-1: Fly out, F9 (Line Drive, 9, EV 91.2 MPH)
|
Batting: RHB Danny Weisse
|
0-0: Ball 1-0: Swinging Strike 1-1: Ball 2-1: SINGLE (Groundball, 56S, EV 66.2 MPH) (infield hit)
|
Batting: RHB Taisei Fujii
|
0-0: Ball 1-0: Ball 2-0: Fly out, F8 (Flyball, 8RS, EV 95.0 MPH)
|
Bottom of the 8th over - 0 runs, 1 hit, 0 errors, 1 left on base; Bowling Green 2 - Lexington 11 |
TOP OF THE 9TH |
Bowling Green Hot Rods batting - Pitching for Lexington Legends : RHP Gabe Torres
|
Pinch Hitting: LHB Jimmy Detrie
|
0-0: Fly out, F7 (Flyball, 7S, EV 93.8 MPH)
|
Batting: RHB Kevin Benfield
|
0-0: Ball 1-0: Called Strike 1-1: Ground out 4-3 (Groundball, 4, EV 100.6 MPH)
|
Batting: RHB Dermott Kennelly
|
0-0: Ball 1-0: Fly out, F9 (Line Drive, 9, EV 93.1 MPH)
|
Top of the 9th over - 0 runs, 0 hits, 0 errors, 0 left on base; Bowling Green 2 - Lexington 11 |
|